 Dungeon Crawl Stone Soup version 0.21.1-1-g345015f (webtiles) character file.

557 letownia2 the Conjurer (level 7, -1/40 HPs)
             Began as a Gargoyle Wizard on Feb 13, 2018.
             Killed from afar by an orc wizard (2 damage)
             ... with a magic dart
             ... on level 7 of the Dungeon.
             The game lasted 00:15:21 (2451 turns).

letownia2 the Conjurer (Gargoyle Wizard)            Turns: 2451, Time: 00:15:22

Health: -1/40      AC:  9    Str: 11    XL:     7   Next: 30%
Magic:  1/12       EV: 16    Int: 20    God:
Gold:   111        SH:  0    Dex:  8    Spells: 4/13 levels left

rFire    . . .     SeeInvis +   f - +0 dagger
rCold    . . .     Gourm    +   (no shield)
rNeg     + . .     Faith    .   j - +0 leather armour
rPois    ∞         Spirit   .   p - +0 helmet
rElec    +         Reflect  .   (no cloak)
rCorr    .         Harm     .   l - +0 pair of gloves
MR       .....                  (no boots)
Stlth    +.........             s - amulet of the gourmand
HPRegen  0.13/turn              k - +5 ring of evasion
MPRegen  0.13/turn              r - ring of see invisible

@: no status effects
A: negative energy resistance 1, electricity resistance, unbreathing,
petrification resistance, rot immunity, AC +4
a: no special abilities


You were on level 7 of the Dungeon.
You were very full.

You visited 1 branch of the dungeon, and saw 7 of its levels.
You also visited: Sewer.

You collected 111 gold pieces.

Inventory:

Hand Weapons
 c - a +1 blowgun
 f - a +0 dagger (weapon)
 g - a +0 hunting sling
 t - a +0 mace
 u - a +0 trident
Missiles
 o - 17 poisoned needles
Armour
 a - a +0 helmet
 j - a +0 leather armour (worn)
 l - a +0 pair of gloves (worn)
 p - a +0 helmet (worn)
 v - a +0 ring mail
Jewellery
 k - a +5 ring of evasion (left hand)
 r - a ring of see invisible (right hand)
 s - an amulet of the gourmand (around neck)
Scrolls
 i - a scroll of remove curse
 y - a scroll of magic mapping {unknown}
Potions
 n - a potion of mutation {unknown}
 w - a potion of might {unknown}
 x - 2 potions of agility
 z - 8 potions of curing {unknown}
 A - 3 potions of flight {unknown}
 B - 6 potions of heal wounds {unknown}
Books
 m - a book of Minor Magic

   Spells                             Type                      Level
   a - Magic Dart                     Conjuration                  1
   b - Blink                          Translocation                2
   c - Call Imp                       Summoning                    2
   d - Slow                           Hexes                        2
   e - Conjure Flame                  Conjuration/Fire             3
   f - Mephitic Cloud                 Conjuration/Poison/Air       3
Comestibles
 d - 4 rations


   Skills:
 - Level 2.0 Fighting
 - Level 1.5 Dodging
 - Level 2.1 Stealth
 + Level 3.9 Spellcasting
 + Level 4.8 Conjurations
   Level 0.8 Summonings
 - Level 2.0 Translocations
 - Level 2.0 Fire Magic
 - Level 2.2 Air Magic
 - Level 2.0 Poison Magic


You had 4 spell levels left.
You knew the following spells:

 Your Spells              Type           Power        Failure   Level  Hunger
a - Magic Dart            Conj           ###.         2%          1    None
b - Blink                 Tloc           N/A          11%         2    ##.....
c - Conjure Flame         Conj/Fire      ###.....     12%         3    ###....
e - Mephitic Cloud        Conj/Pois/Air  ###.....     14%         3    ###....


Dungeon Overview and Level Annotations

Branches:
Dungeon (7/15)
 Temple: D:4-7

Altars:
Fedhas
Okawaru
Uskayaw

Shops:
D:4 :

Annotations:
D:4 Grinder
D:5 Prince Ribbit
D:7 xccam's ghost, novice MiBe


Innate Abilities, Weirdness & Mutations

You are resistant to torment.
Your stone body is resilient. (AC +4)
You are immune to poison.
You resist negative energy. (rN+)
You are resistant to electric shocks. (rElec)
You can survive without breathing.
You are immune to petrification.
You are immune to rotting.


Message History

A gnoll comes into view. It is wielding a spear.
You are too injured to fight recklessly!
Unknown command.
You are too injured to fight recklessly!
The orc wizard gestures wildly while chanting.
The orc wizard blinks!
Xccam's ghost hits you.
* * * LOW HITPOINT WARNING * * *
An orc comes into view. It is wielding a trident.
Unknown command.
You are too injured to fight recklessly!
Unknown command.
You are too injured to fight recklessly!
Unknown command.
You are too injured to fight recklessly!
You are too injured to fight recklessly!
Unknown command.
You are too injured to fight recklessly!
The orc wizard gestures at you while chanting.
The magic dart hits you!
You die...

#..... #.......
#.$...##......##
#..........o...#
#..............###
#.)...$.# #......#
#.......# #......#####
#.......###o.........##
+.......†..?oo.@...$?..
#.......##..oW.........
#.....<.##.....o.......
#........#.............
#........#.........._..
#........#.......#.....
##......##g......#....⌠
#............o####.....
#.........


You could see an orc priest, an orc wizard, xccam's ghost, a gnoll and 5 orcs.

Vanquished Creatures
  Blork the orc (D:4)
  A bullfrog (D:4)
  A scorpion (D:4)
  A bullfrog skeleton (D:4)
  2 orc wizards (D:3)
  2 worker ants (D:4)
  Robin (D:4)
  10 adders
  6 river rats (Sewer)
  An adder skeleton (D:4)
  A dart slug (D:2)
  7 leopard geckos
  5 orcs
  3 giant cockroaches
  17 goblins
  8 hobgoblins
  3 quokkas
  5 ball pythons (Sewer)
  4 bats
  18 kobolds
  20 rats
117 creatures vanquished.

Vanquished Creatures (others)
  A quokka zombie (D:3)
1 creature vanquished.

Grand Total: 118 creatures vanquished

Notes
Turn   | Place    | Note
-------+----------+-------------------------------------------
     0 | D:1      | letownia2 the Gargoyle Wizard began the quest for the Orb.
     0 | D:1      | Reached XP level 1. HP: 10/10 MP: 4/4
   119 | D:2      | Reached skill level 2 in Conjurations
   123 | D:2      | Reached XP level 2. HP: 4/15 MP: 0/6
   242 | D:2      | Reached skill level 3 in Conjurations
   318 | D:2      | Reached XP level 3. HP: 17/19 MP: 0/7
   323 | D:2      | Learned a level 3 spell: Mephitic Cloud
   327 | D:2      | Learned a level 3 spell: Conjure Flame
   469 | D:2      | Found an iron altar of Okawaru.
   774 | D:3      | Reached skill level 1 in Poison Magic
   774 | D:3      | Reached XP level 4. HP: 21/24 MP: 0/8
   855 | D:3      | Reached skill level 1 in Fire Magic
   855 | D:3      | Reached skill level 1 in Air Magic
   888 | D:3      | Reached XP level 5. HP: 27/28 MP: 2/9
   916 | D:3      | Learned a level 2 spell: Blink
   920 | D:4      | Reached skill level 4 in Conjurations
   966 | D:4      | Found a blossoming altar of Fedhas.
   967 | D:4      | Noticed Blork the orc
  1054 | D:4      | Killed Blork the orc
  1229 | D:4      | Reached XP level 6. HP: 31/32 MP: 5/10
  1274 | D:4      | Found Geuty's Book Shop.
  1298 | D:4      | Reached skill level 1 in Translocations
  1334 | D:4      | Found a glowing drain.
  1345 | Sewer    | Entered a sewer
  1406 | Sewer    | Reached skill level 1 in Fighting
  1985 | D:4      | Reached XP level 7. HP: 34/39 MP: 1/12
  2148 | D:4      | Noticed Grinder
  2150 | D:4      | Noticed Robin
  2211 | D:4      | Killed Robin
  2320 | D:4      | Paralysed by Grinder for 6 turns
  2329 | D:5      | Entered Level 5 of the Dungeon
  2396 | D:5      | Noticed Prince Ribbit
  2444 | D:7      | Noticed xccam's ghost (novice MiBe)
  2449 | D:7      | Found a hide-covered altar of Uskayaw.
  2450 | D:7      | HP: 1/40 [xccam's ghost (3)]
  2451 | D:7      | Killed from afar by an orc wizard

Skill      XL: |  1  2  3  4  5  6  7 |
---------------+----------------------+-----
Conjurations   | 2 3 4 |  4.8
Poison Magic   | 1 2 |  2.0
Fire Magic     | 1 2 |  2.0
Air Magic      | 1 2 |  2.2
Translocations | 1 2 |  2.0
Fighting       | 1 2 |  2.0
Dodging        | |  1.5
Stealth        | |  2.1
Spellcasting   | |  3.9
Summonings     | |  0.8

Action                   |  1- 3 |  4- 6 |  7- 9 || total
-------------------------+-------+-------+-------++-------
Melee: Dagger            |    20 |   296 |    74 ||   390
 Cast: Magic Dart        |    53 |    41 |    16 ||   110
       Mephitic Cloud    |     1 |    17 |     8 ||    26
       Conjure Flame     |       |       |     3 ||     3
  Use: Potion            |       |     2 |       ||     2
       Scroll            |       |       |     5 ||     5
 Stab: Confused          |       |     8 |     3 ||    11
       Sleeping          |       |       |     1 ||     1
  Eat: Chunk             |       |    10 |     7 ||    17
Armor: Robe              |     5 |       |       ||     5
       Leather armour    |     3 |    77 |    39 ||   119
Dodge: Dodged            |    40 |   259 |   131 ||   430
